 Dungeon Crawl Stone Soup version 0.20-a0-551-gc8f91ca (webtiles) character file.

3672 Devintownsend the Tortoise (level 9, -7/72 HPs)
             Began as a Minotaur Fighter on Feb 2, 2017.
             Was a Priest of Okawaru.
             Mangled by a manticore (13 damage)
             ... on level 8 of the Dungeon.
             The game lasted 00:25:54 (6355 turns).

Devintownsend the Tortoise (Minotaur Fighter)       Turns: 6355, Time: 00:25:55

Health: -7/72      AC: 12    Str: 29    XL:     9   Next: 89%
Magic:  8/8        EV: 10    Int:  5    God:    Okawaru [***...]
Gold:   191        SH:  6    Dex: 10    Spells: 8/8 levels left

rFire    . . .     SeeInvis .   u - +7 mace of Tartarus {pain, rC+}
rCold    + . .     Gourm    .   C - +2 ring mail {MR+}
rNeg     . . .     Faith    .   i - +2 buckler
rPois    .         Spirit   .   m - +2 hat
rElec    .         Reflect  .   (no cloak)
rCorr    .         Harm     .   (no gloves)
MR       +....                  (no boots)
Stlth    ..........             (no amulet)
Regen    0.3/turn               (no ring)
                                (no ring)

@: mighty, about to teleport
A: retaliatory headbutt, horns 2
a: Heroism, Renounce Religion


You were on level 8 of the Dungeon.
You worshipped Okawaru.
Okawaru was most pleased with you.
You were not hungry.

You visited 2 branches of the dungeon, and saw 9 of its levels.

You collected 359 gold pieces.
You spent 168 gold pieces at shops.

Inventory:

Hand Weapons
 a - a +1 flail
 h - a +2 hand axe of freezing
 u - the +7 mace of Tartarus (weapon) {pain, rC+}
   (You bought it in a shop on level 4 of the Dungeon)

   In the hands of one skilled in necromantic magic, it inflicts extra damage on
   living creatures.
   It protects you from cold.
Armour
 c - a +0 shield
 i - a +2 buckler (worn)
 m - a +2 hat (worn)
 s - a +0 plate armour
 C - a +2 ring mail of magic resistance (worn)
Wands
 l - a wand of random effects (16/48)
 z - a wand of lightning (10/15)
 F - a wand of confusion (37/48)
Scrolls
 e - 9 scrolls of identify
 j - a scroll of fear {unknown}
 r - 2 scrolls of amnesia {unknown}
 t - 3 scrolls of remove curse
 v - 2 scrolls of blinking {unknown}
 w - a scroll of noise {unknown}
 E - a scroll of silence {unknown}
Potions
 b - 2 potions of flight {unknown}
 d - a potion of might
 n - 5 potions of curing {unknown}
 o - 2 potions of heal wounds {unknown}
 p - a potion of beneficial mutation {unknown}
 q - a potion of resistance {unknown}
 x - 2 potions of cancellation {unknown}
 A - a potion of agility {unknown}
 B - a potion of brilliance {unknown}
Books
 y - a book of Changes

   Spells                             Type                      Level
   a - Beastly Appendage              Transmutation                1
   b - Sticks to Snakes               Transmutation                2
   c - Spider Form                    Transmutation/Poison         3
   d - Ice Form                       Ice/Transmutation            4
   e - Blade Hands                    Transmutation                5
Comestibles
 f - 6 bread rations
 k - 3 royal jellies
 D - 2 meat rations


   Skills:
 - Level 4.7 Fighting
 - Level 2.6(4.3) Axes
 - Level 5.1(5.5) Maces & Flails
 + Level 15.1 Armour
 - Level 4.0 Shields


You had 8 spell levels left.
You didn't know any spells.

Dungeon Overview and Level Annotations

Branches:
Dungeon (8/15)             Temple (1/1) D:5
   Lair: D:8-11

Altars:
Ashenzari
Dithmenos
Elyvilon
Fedhas
Hepliaklqana
Kikubaaqudgha
Okawaru
Ru
Uskayaw
Zin
The Shining One

Shops:
D:4 *}


Innate Abilities, Weirdness & Mutations

You reflexively headbutt those who attack you in melee.
You have a pair of horns on your head.


Message History

The manticore is lightly wounded.
The manticore bites you!! The manticore claws you!
* * * LOW HITPOINT WARNING * * *
The manticore claws you but does no damage.
You block the manticore's attack. The manticore completely misses you.
You block the manticore's attack.
You barely miss the manticore.
The manticore is lightly wounded.
The manticore barely misses you. You furiously retaliate!
You headbutt the manticore, but do no damage.
The manticore barely misses you. The manticore claws you.
* * * LOW HITPOINT WARNING * * *
As you read the scroll of teleportation, it crumbles to dust.
You feel strangely unstable.
The manticore bites you but does no damage.
The manticore barely misses you. The manticore claws you!
* * * LOW HITPOINT WARNING * * *
You feel very mighty all of a sudden. The manticore bites you!
You die...

##...# #.#
#####....# .....#
#.# ##.#.# ######
#.###### #..#.###
#......# #.##..^#
###.##.# #.####.#
## #.##.#
#......#
$##.##.###†##.#
#####..#
o......H'.)##.##
#..#
$##.##.##..#H@.##
#..# ## ##..#.#.#
#..# #....#[#
#..# ###.#.#.#
#..# .#
#......#######..#
..
#...............#
.#
#......#######.##
.## #......# #.#
..
#......#######.#


You could see a manticore.

Vanquished Creatures
  Joseph (D:7)
  2 hippogriffs
  Sigmund (D:5)
  A vampire mosquito (D:8)
  2 sky beasts
  2 orc warriors
  An ice beast (D:6)
  2 phantoms
  A black bear (D:8)
  3 ogres
  2 centaurs
  4 bullfrogs
  5 scorpions
  2 crimson imps (D:5)
  4 jellies
  3 orc priests
  4 hounds
  5 orc wizards
  3 iguanas
  6 worker ants
  Terence (D:2)
  A hound zombie (D:6)
  A hound skeleton (D:6)
  A worker ant zombie (D:6)
  A howler monkey skeleton (D:7)
  8 adders
  A shadow imp (D:7)
  2 oozes
  An adder zombie (D:5)
  2 adder skeletons (D:4)
  3 worms
  2 dart slugs
  4 leopard geckos
  31 orcs
  9 bats
  6 giant cockroaches
  7 goblins
  8 hobgoblins
  9 kobolds
  2 quokkas
  2 ball pythons
  2 frilled lizards
  A jackal skeleton (D:4)
  A quokka zombie (D:5)
  6 rats
166 creatures vanquished.

Notes
Turn   | Place    | Note
-------+----------+-------------------------------------------
     0 | D:1      | Devintownsend the Minotaur Fighter began the quest for the Orb.
     0 | D:1      | Reached XP level 1. HP: 19/19 MP: 0/0
   234 | D:1      | Reached XP level 2. HP: 26/27 MP: 1/1
   381 | D:1      | Reached skill level 4 in Armour
   925 | D:2      | Reached XP level 3. HP: 31/33 MP: 2/2
  1128 | D:2      | Noticed Terence
  1141 | D:2      | Killed Terence
  1141 | D:2      | Reached XP level 4. HP: 36/40 MP: 3/3
  1595 | D:3      | Noticed an orc warrior
  1611 | D:3      | Killed an orc warrior
  1611 | D:3      | Reached skill level 5 in Armour
  1611 | D:3      | Reached XP level 5. HP: 23/47 MP: 4/4
  1614 | D:3      | Reached skill level 5 in Maces & Flails
  1707 | D:3      | Reached XP level 6. HP: 41/53 MP: 5/5
  2176 | D:3      | Reached skill level 6 in Armour
  2324 | D:4      | Reached skill level 7 in Armour
  2585 | D:4      | Noticed a hippogriff
  2594 | D:4      | Killed a hippogriff
  2594 | D:4      | Reached skill level 8 in Armour
  2594 | D:4      | Reached XP level 7. HP: 52/60 MP: 6/6
  2646 | D:4      | Reached skill level 9 in Armour
  2877 | D:4      | Found Saptoc's Assorted Antiques.
  2968 | D:4      | Found a shadowy altar of Dithmenos.
  3045 | D:4      | Found Ewes's Gadget Emporium.
  3236 | D:4      | Bought a crystal mace for 168 gold pieces
  3236 | D:4      | Identified the +7 mace of Tartarus {pain, rC+} (You bought it in a shop on level 4 of the Dungeon)
  3255 | D:5      | Entered Level 5 of the Dungeon
  3363 | D:5      | Found a staircase to the Ecumenical Temple.
  3388 | Temple   | Entered the Ecumenical Temple
  3397 | Temple   | Became a worshipper of Warmaster Okawaru
  3421 | D:5      | Reached skill level 10 in Armour
  3421 | D:5      | Reached XP level 8. HP: 59/67 MP: 7/7
  3441 | D:5      | Noticed Sigmund
  3465 | D:5      | Killed Sigmund
  3568 | D:5      | Reached skill level 1 in Axes
  3769 | D:5      | Reached skill level 11 in Armour
  3855 | D:6      | Reached * piety under Okawaru
  3971 | D:6      | Reached skill level 12 in Armour
  4157 | D:6      | You fall through a shaft!
  4232 | D:7      | Noticed Joseph
  4246 | D:7      | Killed Joseph
  4246 | D:7      | Reached ** piety under Okawaru
  4246 | D:7      | Reached XP level 9. HP: 59/72 MP: 8/8
  4346 | D:7      | Reached skill level 13 in Armour
  5333 | D:8      | Noticed a centaur warrior
  5335 | D:8      | Noticed a two-headed ogre
  5393 | D:8      | Reached skill level 14 in Armour
  5905 | D:8      | Reached *** piety under Okawaru
  6176 | D:8      | Reached skill level 15 in Armour
  6348 | D:8      | Noticed a manticore
  6355 | D:8      | Mangled by a manticore

Vault maps used:
D:1:      scummos_arrival_simple_fountains
D:2:      first_bread, uniq_terence
D:3:      feat_on_display
D:4:      minmay_opposing_rooms, serial_shops, nicolae_shop_overgrown_old_shop,
          nicolae_shop_window_shopping, grunt_dithmenos_smoke
D:5:      minmay_temple_entry_glass, uniq_sigmund
D:7:      minmay_misc_feat_roman, grunt_ogre_cave, uniq_joseph
D:8:      hangedman_cross_veins
Temple:   compressed_dpeg_triangle_lava_temple

Skill      XL: |  1  2  3  4  5  6  7  8  9 |
---------------+----------------------------+-----
Shields        | 4 |  4.0
Armour         | 4 5 8 10 12 15 | 15.1
Maces & Flails | 3 4 5 |  5.1
Fighting       | 4 |  4.7
Axes           | 2 |  2.6

Action                   |  1- 3 |  4- 6 |  7- 9 || total
-------------------------+-------+-------+-------++-------
Melee: Flail             |    57 |   143 |    40 ||   240
       Headbutt          |     8 |    21 |    53 ||    82
       Mace              |       |       |   233 ||   233
       Hand axe          |       |       |    13 ||    13
  Use: Scroll            |       |       |     8 ||     8
       Potion            |       |       |     1 ||     1
  Eat: Chunk             |     1 |     3 |     6 ||    10
       Meat ration       |       |       |     1 ||     1
       Bread ration      |       |       |     1 ||     1
Armor: Scale mail        |    56 |       |       ||    56
       Chain mail        |       |    23 |       ||    23
       Plate armour      |       |    60 |   113 ||   173
       Ring mail         |       |       |    51 ||    51
Dodge: Dodged            |    36 |    39 |   121 ||   196
Block: Shield            |     7 |       |       ||     7
       Buckler           |    23 |    38 |   103 ||   164
